 Dungeon Crawl Stone Soup version 0.24-a0-434-gd57e52fea8 (webtiles) character file.

Game seed: 5634387560321735141

62509 Nattfarinn the Earth Mage (level 15, -15/96 HPs)
             Began as a Gargoyle Earth Elementalist on June 17, 2019.
             Was a High Priest of Sif Muna.
             Demolished by Donald (28 damage)
             ... on level 2 of the Orcish Mines.
             The game lasted 02:04:06 (33475 turns).

Nattfarinn the Earth Mage (GrEE)                   Turns: 33475, Time: 02:04:15

Health: -15/96     AC: 22    Str: 12    XL:     15   Next: 6%
Magic:  4/30       EV: 15    Int: 22    God:    Sif Muna [*****.]
Gold:   1772       SH:  7    Dex: 10    Spells: 14/36 levels left

rFire    + . .     SeeInvis +   T - staff of energy
rCold    + + .     Gourm    +   S - +3 warlock's mirror {reflect}
rNeg     + . .     Faith    .   O - +2 robe {rC+}
rPois    ∞         Spirit   .   g - +1 hat
rElec    +         Reflect  +   r - scarf {rC+ rF+}
rCorr    .         Harm     .   F - +2 pair of gloves
MR       +....                  c - +2 pair of boots {run}
Stlth    ++........             N - amulet of the gourmand
HPRegen  0.26/turn              x - +3 ring of evasion
MPRegen  0.22/turn              w - ring of see invisible

@: about to teleport, studying Crossbows, divine energy, quick
A: big wings, negative energy resistance 1, electricity resistance, unbreathing,
petrification resistance, rot immunity, AC +11
a: Fly, Stop Divine Energy, Channel Magic, Forget Spell, Renounce Religion


You were on level 2 of the Orcish Mines.
You worshipped Sif Muna.
Sif Muna was extremely pleased with you.
You were completely stuffed.

You visited 4 branches of the dungeon, and saw 20 of its levels.
You also visited: Bailey and Gauntlet.

You collected 1772 gold pieces.

Inventory:

Missiles
 b - 373 stones (quivered)
Armour
 c - a +2 pair of boots of running (worn)
 g - a +1 hat (worn)
 r - a scarf of resistance (worn)
 F - a +2 pair of gloves (worn)
 O - a +2 robe of cold resistance (worn)
 S - the +3 warlock's mirror (worn) {reflect}
   (You found it on level 13 of the Dungeon)
Magical Staves
 T - an uncursed staff of energy (weapon)
Jewellery
 a - an uncursed amulet of guardian spirit
 f - an uncursed ring of protection from magic
 m - a +1 ring of evasion
 w - a ring of see invisible (right hand)
 x - a +3 ring of evasion (left hand)
 N - an amulet of the gourmand (around neck)
Wands
 t - a wand of acid (17)
 u - a wand of polymorph (5)
 v - a wand of random effects (36)
 y - a wand of iceblast (10)
 R - a wand of paralysis (9)
Scrolls
 e - 8 scrolls of identify
 h - 15 scrolls of remove curse
 i - 4 scrolls of amnesia
 k - 6 scrolls of enchant weapon
 q - 3 scrolls of immolation
 E - 2 scrolls of fear
 M - a scroll of enchant armour
 P - 3 scrolls of magic mapping
Potions
 l - a potion of might
 n - 10 potions of curing
 p - 4 potions of flight
 z - a potion of magic {unknown}
 A - 5 potions of lignification
 G - a potion of resistance {unknown}
 H - 3 potions of berserk rage {unknown}
 I - a potion of agility
 J - a potion of brilliance {unknown}
 L - 4 potions of cancellation {unknown}
 Q - 2 potions of mutation {unknown}
Books
 U - a manual of Crossbows
Miscellaneous
 s - a fan of gales
 B - a phial of floods
 C - a phial of floods
 V - a sack of spiders
Comestibles
 d - 39 rations


   Skills:
 - Level 11.7 Fighting
 - Level 1.5 Dodging
 - Level 2.1 Stealth
 - Level 4.2 Shields
 - Level 11.2 Spellcasting
 - Level 10.2 Conjurations
 + Level 5.0 Hexes
 - Level 0.7 Transmutations
 * Level 19.2 Earth Magic


You had 14 spell levels left.
You knew the following spells:

 Your Spells              Type           Power        Failure   Level  Hunger
a - Sandblast             Erth           ######       0%          1    None
b - Stone Arrow           Conj/Erth      ######       1%          3    None
c - Petrify               Tmut/Erth      ######..     1%          4    None
d - Lee's Rapid Deconstr  Erth           #######...   1%          5    None
e - Iron Shot             Conj/Erth      ######....   1%          6    None
f - Tukima's Dance        Hex            ####....     1%          3    None

Your spell library contained the following spells:

 Spells                   Type           Power        Failure   Level  Hunger
 Confusing Touch          Hex            ####..       1%          1    None
 Shock                    Conj/Air       ####         1%          1    None
 Sting                    Conj/Pois      ####         1%          1    None
 Passwall                 Tmut/Erth      ######..     1%          2    None
 Searing Ray              Conj           ######       1%          2    None
 Throw Frost              Conj/Ice       ####..       1%          2    None
 Confuse                  Hex            ####....     1%          3    None
 Conjure Flame            Conj/Fire      ####....     1%          3    None
 Dazzling Spray           Conj/Hex       #####.       1%          3    None
 Static Discharge         Conj/Air       ####....     1%          3    None
 Iskenderun's Mystic Bla  Conj           ######..     1%          4    None
 Leda's Liquefaction      Hex/Erth       ######....   1%          4    None
 Fulminant Prism          Conj/Hex       #####.....   2%          4    None
 Bolt of Magma            Conj/Fire/Erth ######....   2%          5    None
 Animate Skeleton         Necr           N/A          5%          1    None
 Apportation              Tloc           ##....       5%          1    None
 Summon Butterflies       Summ           ##......     5%          1    None
 Sticky Flame             Conj/Fire      ####....     6%          4    None
 Corpse Rot               Necr           N/A          9%          2    None
 Swiftness                Chrm/Air       ##......     9%          2    None
 Gell's Gravitas          Tloc           ##........   16%         3    None
 Lesser Beckoning         Tloc           ##........   16%         3    None
 Bolt of Draining         Conj/Necr      ####......   19%         5    None
 Iskenderun's Battlesphe  Conj/Chrm      ####....     19%         5    None
 Lightning Bolt           Conj/Air       ####......   19%         5    None
 Venom Bolt               Conj/Pois      ####......   19%         5    None
 Yara's Violent Unravell  Hex/Tmut       ####......   41%         5    None
 Metabolic Englaciation   Hex/Ice        ###.......   45%         5    None
 Airstrike                Air            ##........   47%         4    None
 Orb of Destruction       Conj           ######....   56%         7    None
 Bolt of Cold             Conj/Ice       ####......   69%         6    None
 Conjure Ball Lightning   Conj/Air       ####......   69%         6    None
 Poison Arrow             Conj/Pois      ####......   69%         6    None
 Invisibility             Hex            ####....     71%         6    None
 Alistair's Intoxication  Tmut/Pois      ##......     77%         5    None
 Freezing Cloud           Conj/Ice/Air   ####......   90%         6    None
 Spellforged Servitor     Conj/Summ      ####......   99%         7    None
 Haunt                    Necr/Summ      ##........   100%        7    None
 Borgnjor's Revivificati  Necr           ##........   100%        8    None
 Fire Storm               Conj/Fire      ####......   100%        9    None


Dungeon Overview and Level Annotations

Branches:
Dungeon (15/15)            Temple (1/1) D:5            Lair (2/6) D:10
 Spider (0/4) Lair:2          Orc (2/2) D:10            Elf (0/3) Orc:2
 Vaults (0/5) D:14
  Swamp: Lair:2-4    Shoals: Lair:2-4    Depths: D:15

Altars:
Ashenzari
Cheibriados
Dithmenos
Elyvilon
Fedhas
Gozag
Hepliaklqana
Kikubaaqudgha
Makhleb
Nemelex Xobeh
Okawaru
Qazlal
Ru
Sif Muna
Trog
Uskayaw
Vehumet
Wu Jian
Xom
Yredelemnul
Zin
The Shining One
Beogh

Shops:
D:5 %   D:13 %

Portals:
Trove: D:10 (give +7 demon whip)

Annotations:
D:9 exclusion: 2 oklob plants
D:12 3 runed translucent doors, hemabe's ghost, journeyman HuAr
D:13 2 transporters, Eitelfritz's ghost, journeyman HOFi
D:14 2 transporters, Utoviuv's ghost, journeyman SpEn
Orc:2 Donald


Innate Abilities, Weirdness & Mutations

You are resistant to torment.
Your stone body is resilient. (AC +11)
You are immune to poison.
Your large and strong wings let you fly indefinitely.
You resist negative energy. (rN+)
You are resistant to electric shocks. (rElec)
You can survive without breathing.
You are immune to petrification.
You are immune to rotting.


Message History

You regain access to your magic.
Donald says, "I hate this place."
Donald hits you but does no damage. You block Donald's attack.
Donald says, "Orcs complain a lot, don't they?
I hate it."
Donald hits you. Donald makes a rude gesture at you. Donald hits you!!
* * * LOW HITPOINT WARNING * * *
You block Donald's attack.
As you read the scroll of fear, it crumbles to dust.
You assume a fearsome visage.
Donald resists with almost no effort.
Donald completely misses you.
Okay, then.
As you read the scroll of teleportation, it crumbles to dust.
You feel strangely unstable. Donald hits you!
* * * LOW HITPOINT WARNING * * *
Donald says, "If you wanted to read so much, why didn't you become a librarian?"
Donald hits you!!
You die...

....)#........................#
...........................#.##
....)......(..............#.##
....[........................##
...[[).#......................#
....<.................##...#..##
.....)................#...#....#
................@.............##
................@......^....###
.#...........###...........##
.##...........#..........###
#####..........#.........# .#
##...........#........ ...
##[[.........#......#. ....
##......#..##......... ##.##
#.........# ..... . ##
#.[.#....#


You could see Donald and a friendly +4 eveningstar of venom.

Vanquished Creatures
  Rupert (Orc:1)
  Gastronok (Lair:2)
  A stone giant (Orc:2)
  Azrael (D:13)
  Snorg (D:14)
  Josephine (D:11)
  Harold (D:8)
  5 hydras
  A catoblepas (D:13)
  Erica (Lair:1)
  8 centaur warriors
  4 two-headed ogres
  2 tengu warriors (D:14)
  4 death yaks
  Sonja (D:11)
  An unseen horror (D:13)
  A wizard (D:14)
  9 skeletal warriors
  A deep elf archer (D:14)
  An orc knight (D:9)
  A necromancer (Gauntlet)
  A deep elf mage (D:14)
  7 ugly things
  5 cyclopes
  2 manticores
  An apocalypse crab (Gauntlet)
  A black mamba (shapeshifter) (D:13)
  A smoke demon (Gauntlet)
  A gargoyle (D:13)
  4 spiny frogs
  A komodo dragon (Lair:1)
  6 yaktaurs
  A tengu conjurer (D:14)
  A jumping spider (Lair:2)
  4 hornets
  4 trolls
  4 hippogriffs
  A meliai zombie (D:12)
  A centaur simulacrum (D:13)
  A slime creature (D:13)
  A redback (Lair:2)
  A shadow (D:13)
  3 wyverns
  11 yaks
  A vampire (D:13)
  7 wraiths
  A hungry ghost (D:14)
  3 fire elementals (D:13)
  3 vampire mosquitoes (D:12)
  A basilisk (D:13)
  A soldier ant (D:9)
  3 acid dragons (D:13)
  4 water moccasins
  6 porcupines
  A hell hound (D:13)
  14 orc warriors
  An eye of draining (D:12)
  3 phantoms
  6 sky beasts
  9 ogres
  2 ice beasts
  2 necrophages
  3 wolves (Gauntlet)
  10 centaurs
  3 crocodiles
  3 big kobolds
  14 bullfrogs
  A gnoll sergeant (D:9)
  A wyvern zombie (D:13)
  A wyvern skeleton (D:14)
  5 scorpions
  8 killer bees
  3 howler monkeys
  8 wights
  8 crimson imps
  3 bullfrog zombies
  A quasit (D:9)
  9 hounds
  2 jellies
  20 orc wizards
  A gnoll shaman (D:9)
  2 bullfrog skeletons
  23 orc priests
  5 iguanas
  9 centaur skeletons
  11 worker ants
  3 hound skeletons
  A hound zombie (D:11)
  2 howler monkey zombies
  Robin (D:4)
  16 adders
  10 gnolls
  2 howler monkey skeletons
  3 shadow imps
  An ooze (D:1)
  5 adder skeletons
  3 adder zombies
  5 worms
  2 dart slugs
  8 leopard geckos
  63 orcs
  4 bats
  6 giant cockroaches
  26 goblins
  10 hobgoblins
  19 jackals
  7 quokkas
  A ball python (D:3)
  2 frilled lizards
  A jackal zombie (D:8)
  15 kobolds
  A leopard gecko skeleton (D:7)
  A leopard gecko zombie (D:7)
  A quokka zombie (D:7)
  6 rats
557 creatures vanquished.

Vanquished Creatures (others)
  A dancing weapon (Lair:1)
  A phantom (D:5)
  2 demonic plants (Gauntlet)
  4 plants (D:12)
  14 withered plants (Gauntlet)
22 creatures vanquished.

Grand Total: 579 creatures vanquished

Notes
Turn   | Place    | Note
-------+----------+-------------------------------------------
     0 | D:1      | Nattfarinn the Gargoyle Earth Elementalist began the quest
                  | for the Orb.
     0 | D:1      | Reached XP level 1. HP: 10/10 MP: 3/3
   376 | D:1      | Reached XP level 2. HP: 15/15 MP: 5/5
   715 | D:1      | Reached skill level 4 in Earth Magic
  1236 | D:1      | Reached XP level 3. HP: 18/19 MP: 7/7
  1962 | D:2      | Reached XP level 4. HP: 9/24 MP: 7/9
  2841 | D:3      | Found an opulent altar of Gozag.
  2940 | D:3      | Reached XP level 5. HP: 15/28 MP: 2/10
  3217 | D:3      | Found a white marble altar of Elyvilon.
  3447 | D:3      | Reached skill level 5 in Earth Magic
  3966 | D:4      | Reached XP level 6. HP: 14/32 MP: 2/13
  3968 | D:4      | Reached skill level 5 in Spellcasting
  4142 | D:4      | Reached skill level 6 in Earth Magic
  4147 | D:4      | Learned a level 3 spell: Stone Arrow
  4152 | D:4      | Learned a level 4 spell: Petrify
  4158 | D:4      | Learned a level 5 spell: Lee's Rapid Deconstruction
  4208 | D:4      | Reached XP level 7. HP: 3/36 MP: 2/15
  4823 | D:4      | Noticed Robin
  4842 | D:4      | Killed Robin
  5183 | D:5      | Entered Level 5 of the Dungeon
  5266 | D:5      | Found a staircase to the Ecumenical Temple.
  5281 | Temple   | Entered the Ecumenical Temple
  5329 | Temple   | Became a worshipper of Sif Muna the Loreminder
  5417 | D:5      | Found an iron altar of Okawaru.
  5434 | D:5      | Reached skill level 7 in Earth Magic
  5568 | D:5      | Reached XP level 8. HP: 30/41 MP: 14/18
  5580 | D:5      | Found a radiant altar of Vehumet.
  5905 | D:5      | Found a sacrificial altar of Ru.
  6120 | D:5      | Found Ketryonu's Food Shop.
  6628 | D:6      | Reached * piety under Sif Muna
  6814 | D:6      | Reached skill level 8 in Earth Magic
  6816 | D:6      | Noticed a two-headed ogre
  6823 | D:6      | Killed a two-headed ogre
  6823 | D:6      | Reached XP level 9. HP: 27/45 MP: 4/22
  7079 | D:6      | Found a sparkling altar of Nemelex Xobeh.
  7079 | D:6      | Found a hazy altar of Hepliaklqana.
  7116 | D:6      | Reached skill level 9 in Earth Magic
  7120 | D:6      | Reached skill level 1 in Conjurations
  7663 | D:7      | Reached ** piety under Sif Muna
  8218 | D:7      | Found a shimmering altar of Xom.
  8218 | D:7      | Noticed a death drake
  8220 | D:7      | Found a shimmering altar of Xom.
  8220 | D:7      | Found a shimmering altar of Xom.
  8225 | D:7      | Found a shimmering altar of Xom.
  8225 | D:7      | Found a shimmering altar of Xom.
  8227 | D:7      | Found a shimmering altar of Xom.
  8228 | D:7      | Found a shimmering altar of Xom.
  8242 | D:7      | Found a shimmering altar of Xom.
  8242 | D:7      | Noticed a swamp dragon
  8293 | D:8      | Noticed Harold
  8513 | D:8      | Reached skill level 5 in Conjurations
  8705 | D:8      | Reached skill level 10 in Earth Magic
  8718 | D:8      | Reached *** piety under Sif Muna
  9152 | D:8      | Reached XP level 10. HP: 44/50 MP: 18/23
  9547 | D:8      | Killed Harold
  9765 | D:8      | Found a glowing golden altar of the Shining One.
  9830 | D:9      | Found a flagged portal.
  9845 | Bailey   | Entered a bailey
  9887 | Bailey   | Noticed an orc knight
 10589 | D:9      | Killed an orc knight
 10766 | D:9      | Reached **** piety under Sif Muna
 10766 | D:9      | Reached skill level 11 in Earth Magic
 11247 | D:9      | Found an ornate altar of the Wu Jian Council.
 11546 | D:9      | Found a blossoming altar of Fedhas.
 11682 | D:9      | Found a shattered altar of Ashenzari.
 11878 | D:9      | Found a blossoming altar of Fedhas.
 11880 | D:9      | Noticed an oklob plant
 11880 | D:9      | Noticed an oklob plant
 12029 | D:9      | Found a burning altar of Makhleb.
 12971 | D:10     | Entered Level 10 of the Dungeon
 12971 | D:10     | Found a staircase to the Orcish Mines.
 13012 | D:10     | Found a roughly hewn altar of Beogh.
 13016 | D:10     | Reached skill level 10 in Conjurations
 13026 | D:10     | Got a bloodstained ring mail
 13027 | D:10     | Identified the cursed +0 ring mail of Defence {Str+4} (You
                  | found it on level 10 of the Dungeon)
 13274 | D:10     | Reached ***** piety under Sif Muna
 13274 | D:10     | Reached XP level 11. HP: 54/54 MP: 14/24
 13327 | D:10     | Found a portal to a secret trove of treasure.
 13528 | D:10     | Identified Sif Muna's Tome of Damage Dealing (Sif Muna
                  | gifted it to you on level 10 of the Dungeon)
 13528 | D:10     | Received a gift from Sif Muna
 13660 | D:10     | Noticed a death yak
 13675 | D:10     | Noticed a death yak
 13684 | D:10     | Noticed a death yak
 13827 | D:8      | Killed a death yak
 14212 | D:8      | Killed a death yak
 14212 | D:8      | Reached skill level 12 in Earth Magic
 14728 | D:10     | Found a staircase to the Lair.
 15225 | D:10     | Reached skill level 5 in Fighting
 15324 | D:11     | Noticed Sonja
 15377 | D:11     | Killed Sonja
 15378 | D:11     | Noticed a skeletal warrior
 15566 | D:10     | Noticed a death yak
 15579 | D:10     | Killed a death yak
 16053 | D:10     | Killed a death yak
 16175 | D:11     | Noticed a skeletal warrior
 16195 | D:11     | Killed a skeletal warrior
 16202 | D:11     | Killed a skeletal warrior
 16438 | D:11     | Noticed a two-headed ogre
 16451 | D:11     | Killed a two-headed ogre
 16451 | D:11     | Reached skill level 13 in Earth Magic
 16582 | D:11     | Noticed a skeletal warrior
 16583 | D:11     | Noticed a skeletal warrior
 16585 | D:11     | Killed a skeletal warrior
 16585 | D:11     | Reached XP level 12. HP: 59/75 MP: 9/25
 16883 | D:11     | Reached skill level 10 in Fighting
 16883 | D:11     | Noticed Josephine
 16911 | D:11     | Noticed a five-headed hydra
 17169 | D:11     | Killed a five-headed hydra
 18316 | D:11     | Reached skill level 14 in Earth Magic
 18414 | D:11     | Found a sacrificial altar of Ru.
 18534 | D:11     | Got a jewelled plate armour
 19396 | D:11     | Killed Josephine
 19602 | D:11     | Identified a scroll of acquirement
 19611 | D:11     | Identified a +1 pair of boots of running (You acquired it
                  | on level 11 of the Dungeon)
 19655 | D:11     | Identified the +7 plate armour of Daisies {Dex+4} (You
                  | found it on level 11 of the Dungeon)
 19786 | Orc:1    | Entered Level 1 of the Orcish Mines
 20573 | Orc:2    | Entered Level 2 of the Orcish Mines
 20592 | Orc:2    | Noticed a two-headed ogre
 20601 | Orc:2    | Killed a two-headed ogre
 20701 | Orc:2    | Noticed Donald
 20701 | Orc:2    | Noticed Rupert
 20703 | Orc:2    | Noticed a stone giant
 21163 | D:12     | Reached XP level 13. HP: 67/85 MP: 21/26
 21384 | D:12     | Reached skill level 15 in Earth Magic
 22079 | D:12     | Noticed hemabe's ghost (journeyman HuAr)
 22079 | D:12     | You fall into a shaft and drop 1 floor!
 22080 | D:13     | Found Wilisch's Food Boutique.
 22331 | D:12     | Found a runed translucent gate.
 22331 | D:12     | Found a runed translucent gate.
 22331 | D:12     | Found a runed translucent gate.
 22572 | D:13     | Found a gate leading to a gauntlet.
 22635 | Gauntlet | Entered a Gauntlet
 22635 | Gauntlet | Found a transporter.
 22636 | Gauntlet | Found a large runed translucent door.
 22637 | Gauntlet | Found a large runed translucent door.
 22638 | Gauntlet | Found a large runed translucent door.
 22638 | Gauntlet | Found a large runed translucent door.
 22638 | Gauntlet | Found a runed translucent door.
 22639 | Gauntlet | Found a large runed translucent door.
 22640 | Gauntlet | Found a large runed translucent door.
 22641 | Gauntlet | Found a large runed translucent door.
 22641 | Gauntlet | Found a large runed translucent door.
 22642 | Gauntlet | Found a runed translucent gate.
 22642 | Gauntlet | Found a runed translucent gate.
 22644 | Gauntlet | Found a transporter.
 22652 | Gauntlet | Found a runed translucent gate.
 22652 | Gauntlet | Found a runed translucent door.
 22653 | Gauntlet | Found a large runed translucent door.
 22653 | Gauntlet | Found a large runed translucent door.
 22654 | Gauntlet | Found a large runed translucent door.
 22655 | Gauntlet | Found a large runed translucent door.
 22659 | Gauntlet | Found a transporter.
 22664 | Gauntlet | Found a transporter.
 22679 | Gauntlet | Found a transporter.
 22698 | Gauntlet | Found a transporter.
 22710 | Gauntlet | Found a transporter.
 22718 | Gauntlet | Found a transporter.
 22718 | Gauntlet | Found a transporter.
 22735 | Gauntlet | Found a transporter.
 22747 | Gauntlet | Found a transporter.
 22759 | Gauntlet | Found a transporter.
 22776 | Gauntlet | Found a transporter.
 22794 | Gauntlet | Found a transporter.
 22796 | Gauntlet | Found a transporter.
 22821 | Gauntlet | Found a transporter.
 22823 | Gauntlet | Found a transporter.
 22839 | Gauntlet | Found a large runed translucent door.
 22839 | Gauntlet | Found a large runed translucent door.
 22840 | Gauntlet | Found a large runed translucent door.
 22841 | Gauntlet | Found a large runed translucent door.
 22941 | Gauntlet | Found a transporter.
 23731 | Gauntlet | Got a twitching copper ring
 23733 | Gauntlet | Identified the ring "Ecwavori" {rN+ Int-3 Dex+5 SInv} (You
                  | found it in a Gauntlet)
 23795 | Gauntlet | Got a pair of steaming gloves
 23806 | Gauntlet | Identified the -4 pair of gloves of Wame {rN+} (You found
                  | it in a Gauntlet)
 23956 | Gauntlet | Identified the +12 scimitar "Mont" {pain, Stlth+}
 23956 | Gauntlet | Noticed a minotaur
 24010 | D:13     | Identified Dispater's Catalogue of Conjuration (Sif Muna
                  | gifted it to you on level 13 of the Dungeon)
 24010 | D:13     | Received a gift from Sif Muna
 24341 | D:13     | Reached skill level 10 in Spellcasting
 24380 | D:13     | Reached skill level 16 in Earth Magic
 25119 | D:13     | Noticed Eitelfritz's ghost (journeyman HOFi)
 25377 | D:13     | Found a runed translucent door.
 25377 | D:13     | Found a runed translucent door.
 25386 | D:13     | Found a runed translucent door.
 25556 | D:13     | Reached skill level 17 in Earth Magic
 25699 | D:13     | Noticed Azrael
 25714 | D:13     | Killed Azrael
 25934 | D:13     | Found a transporter.
 25939 | D:13     | Found a transporter.
 26034 | D:13     | Found the +3 warlock's mirror {reflect}
 26142 | D:13     | Gained mutation: Your large and strong wings let you fly
                  | indefinitely. [Gargoyle growth]
 26142 | D:13     | Reached XP level 14. HP: 81/91 MP: 13/28
 26143 | D:13     | Identified Sif Muna's Collected Works on Confrontation (Sif
                  | Muna gifted it to you on level 13 of the Dungeon)
 26143 | D:13     | Received a gift from Sif Muna
 26595 | D:13     | Learned a level 6 spell: Iron Shot
 26921 | D:14     | Reached skill level 1 in Shields
 27054 | D:14     | Noticed Snorg
 27105 | D:14     | Killed Snorg
 28124 | D:14     | Reached skill level 18 in Earth Magic
 28908 | D:14     | Found a transporter.
 28933 | D:14     | Noticed Utoviuv's ghost (journeyman SpEn)
 29021 | D:14     | Found a transporter.
 29665 | D:14     | Found a gate to the Vaults.
 30107 | D:15     | Entered Level 15 of the Dungeon
 30114 | D:14     | Learned a level 3 spell: Tukima's Dance
 30241 | Lair:1   | Entered Level 1 of the Lair of Beasts
 30434 | Lair:1   | Reached skill level 1 in Hexes
 31015 | Lair:2   | Noticed Erica
 31034 | Lair:2   | Noticed Gastronok
 31183 | Lair:1   | Killed Erica
 31302 | Lair:2   | Killed Gastronok
 31806 | Lair:2   | Found a hole to the Spider Nest.
 31993 | Lair:2   | Identified Sif Muna's Compendium of Evil and Stones (Sif
                  | Muna gifted it to you on level 2 of the Lair of Beasts)
 31993 | Lair:2   | Received a gift from Sif Muna
 32325 | Orc:2    | Paralysed by Rupert for 5 turns
 32608 | Orc:1    | Killed Rupert
 32608 | Orc:1    | Reached skill level 19 in Earth Magic
 32608 | Orc:1    | Reached XP level 15. HP: 96/96 MP: 5/30
 32752 | Orc:2    | Reached skill level 5 in Hexes
 32880 | Orc:2    | Found a staircase to the Elven Halls.
 33475 | Orc:2    | Demolished by Donald

Levels and vault maps discovered:
D:1:      wheals_arrival_linesprint, layout_loops_ring
D:2:      layout_loops_ring, first_ration
D:3:      layout_loops_corners, overflow_temple_1_default,
          nicolae_overflow_hidden_temple, minmay_mini_jars
D:4:      layout_rooms, uniq_robin
D:5:      layout_loops_corners, fiery_altar_vehumet, old_standard_altar,
          overflow_temple_1_default, minmay_temple_entry_stoned_glass,
          serial_shops, nicolae_shop_crystal
D:6:      layout_basic, gammafunk_temple_overflow_wave, serial_bayou,
          serial_bayou_pond_b, serial_bayou_pond_d, serial_bayou_shore_b,
          serial_bayou_pond_e
D:7:      layout_basic, xom_shifter_show, minmay_increasing_density
D:8:      layout_basic, lemuel_doored_altar, uniq_harold
D:9:      kennysheep_housing_project, layout_rooms,
          nicolae_overflow_crystal_walls, kennysheep_little_box,
          ashenzari_conservatory_becter, makhleb_blood_cavern_becter,
          enter_bailey_3, hangedman_pestilent_swarm, hangedman_tree_tricks
D:10:     layout_basic, dpeg_lair_monsters, minmay_orc_entry_temple_small,
          enter_trove_1
D:11:     layout_long_grid, nicolae_ru_path_of_blood, uniq_sonja, uniq_josephine
D:12:     layout_basic, gammafunk_ghost_hydra_chop
D:13:     minmay_the_grid_triangle_9x9_rhombus_thin
          [minmay_the_grid_triangle_9x9_zippers_vertical,
          minmay_the_grid_triangle_9x9_prize_center,
          minmay_the_grid_triangle_9x9_fully_insulated_deathbox,
          minmay_the_grid_triangle_9x9_zippers_horizontal], layout_basic,
          serial_shops, shop_fountains, gauntlet_entry_generic,
          gammafunk_ghost_mausoleum, minmay_fractal_squares_diagonal_5,
          uniq_azrael
D:14:     layout_irregular_city, hangedman_vaults_entry_quadrant_bands,
          roderic_roman_lattice, gammafunk_ghost_berserking_beasts, uniq_snorg
D:15:     grunt_enter_depths_magical_seal, layout_small_grid,
          minmay_misc_feat_tiny, minmay_misc_feat_square
Temple:   compressed_dpeg_triangle_lava_temple
Lair:1:   layout_chaotic_city, infiniplex_staircase_pool_2
Lair:2:   layout_hall_layers, spider_nest_entry_a, beast_lair_carwin_6,
          uniq_erica, uniq_gastronok
Orc:1:    layout_caves, serial_shops, shop, uniq_urug
Orc:2:    grunt_orc_tribal_feast, layout_caves, uniq_donald, uniq_rupert

Skill      XL: |  1  2  3  4  5  6  7  8  9 10 11 12 13 14 15 |
---------------+----------------------------------------------+-----
Earth Magic    | 4 5 6 7 8 10 11 13 14 17 19 | 19.2
Spellcasting   | 3 4 5 7 9 10 11 | 11.2
Conjurations   | 6 10 | 10.2
Fighting       | 8 11 | 11.7
Shields        | 4 |  4.2
Hexes          | 4 5 |  5.0
Dodging        | |  1.5
Stealth        | |  2.1
Transmutations | |  0.7

Action                   |  1- 3 |  4- 6 |  7- 9 | 10-12 | 13-15 || total
-------------------------+-------+-------+-------+-------+-------++-------
Melee: Unarmed           |    77 |       |       |       |       ||    77
       Short sword       |    15 |   147 |       |       |       ||   162
       Flail             |       |    13 |   107 |       |       ||   120
       Staff             |       |       |   102 |    31 |    26 ||   159
       Dagger            |       |       |       |    43 |   149 ||   192
 Cast: Sandblast         |    36 |    49 |    82 |   171 |   118 ||   456
       Lee's Rapid Decon |       |       |    14 |   110 |   117 ||   241
       Stone Arrow       |       |       |    16 |    47 |    48 ||   111
       Petrify           |       |       |     2 |    18 |       ||    20
       Iron Shot         |       |       |       |       |    51 ||    51
       Tukima's Dance    |       |       |       |       |    28 ||    28
Invok: Divine Energy     |       |       |       |     2 |       ||     2
       Stop Divine Energ |       |       |       |     1 |       ||     1
  Use: Scroll            |       |     7 |     4 |    15 |    12 ||    38
       Potion            |       |     2 |       |     4 |     8 ||    14
 Stab: Sleeping          |     3 |     3 |     1 |       |     1 ||     8
       Distracted        |     1 |       |       |       |       ||     1
       Petrifying        |       |       |       |     1 |       ||     1
  Eat: Chunk             |     3 |     7 |    37 |    62 |    50 ||   159
Armor: Robe              |    25 |    41 |   175 |    84 |   178 ||   503
Dodge: Dodged            |    65 |    93 |   273 |   195 |   276 ||   902
Block: Buckler           |       |       |       |       |    70 ||    70
       Reflection        |       |       |       |       |     8 ||     8

Table legend:
 A = Non-vault XP
 B = Vault XP
 C = Vault XP percentage of total XP
 D = Non-vault monster count
 E = Vault monster count
 F = Vault count percentage of total count
                 A         B        C        D         E       F
            +---------+---------+-------+---------+---------+-------
      Total |   48658 |   40641 |  45.5 |     398 |     160 |  28.7
            +---------+---------+-------+---------+---------+-------
        D:1 |      34 |       0 |   0.0 |      15 |       0 |   0.0
        D:2 |      68 |       0 |   0.0 |      20 |       0 |   0.0
        D:3 |     165 |      21 |  11.3 |      27 |      10 |  27.0
        D:4 |     673 |      38 |   5.3 |      33 |      13 |  28.3
        D:5 |     688 |       0 |   0.0 |      18 |       0 |   0.0
        D:6 |    1317 |       0 |   0.0 |      15 |       0 |   0.0
        D:7 |     582 |     177 |  23.3 |      11 |       6 |  35.3
        D:8 |     999 |    2723 |  73.2 |      29 |       3 |   9.4
        D:9 |     482 |    2585 |  84.3 |       8 |      41 |  83.7
       D:10 |    2292 |    1829 |  44.4 |      33 |       7 |  17.5
       D:11 |   12244 |    2892 |  19.1 |      47 |       7 |  13.0
       D:12 |    4626 |       0 |   0.0 |      43 |       0 |   0.0
       D:13 |    9092 |   13266 |  59.3 |      31 |      33 |  51.6
       D:14 |    8731 |    7600 |  46.5 |      20 |      18 |  47.4
     Lair:1 |    1923 |     771 |  28.6 |      11 |       1 |   8.3
     Lair:2 |     864 |    3814 |  81.5 |       4 |      10 |  71.4
      Orc:1 |     304 |    2918 |  90.6 |       9 |       1 |  10.0
      Orc:2 |    3574 |       0 |   0.0 |      24 |       0 |   0.0
     Bailey |       0 |       4 | 100.0 |       0 |       2 | 100.0
   Gauntlet |       0 |    2003 | 100.0 |       0 |       8 | 100.0
            +---------+---------+-------+---------+---------+-------
